 Dungeon Crawl Stone Soup version 0.17.2 (webtiles) character file.

53 Goblin1989 the Cudgeler (level 3, 0/21 HPs)
             Began as a Gargoyle Gladiator on May 30, 2016.
             Was an Initiate of Okawaru.
             Killed from afar by an orc wizard (9 damage)
             ... with a magic dart
             ... on level 4 of the Dungeon.
             The game lasted 00:07:46 (856 turns).

Goblin1989 the Cudgeler (Gargoyle Gladiator)         Turns: 856, Time: 00:07:46

Health: 0/21       AC: 13    Str: 19    XL:     3   Next: 87%
Magic:  12/12      EV:  7    Int:  8    God:    Okawaru [......]
Gold:   82         SH:  7    Dex: 10    Spells: 0 memorised, 2 levels left

rFire  . . .     SeeInvis .     a - +0 flail
rCold  . . .     Clarity  .     n - +0 scale mail
rNeg   + . .     SustAt   .     p - +0 shield
rPois  ∞         Gourm    .     c - +0 helmet
rElec  +         Spirit   .     j - +1 cloak
rCorr  .         Warding  .     (no gloves)
rMut   .         Stasis   .     k - +0 pair of boots
MR     .....                    (no amulet)
Stlth  ..........               (no ring)
                                f - ring of magical power {MP+9}

@: slowed, very slow, not resistant to hostile enchantments, extremely
unstealthy
A: negative energy resistance 1, electricity resistance, unbreathing,
petrification resistance, rot immunity, AC +3
a: Renounce Religion


You were on level 4 of the Dungeon.
You worshipped Okawaru.
Okawaru was noncommittal.
You were not hungry.

You visited 1 branch of the dungeon, and saw 5 of its levels.

You collected 82 gold pieces.

Inventory:

Hand Weapons
 a - a +0 flail (weapon)
Missiles
 d - 3 throwing nets {=f, !d}
 q - 4 tomahawks (quivered)
 t - 13 poisoned needles
Armour
 c - a +0 helmet (worn)
 j - a +1 cloak (worn)
 k - a +0 pair of boots (worn)
 n - a +0 scale mail (worn)
 p - a +0 shield (worn)
Jewellery
 f - a ring of magical power (left hand) {MP+9}
Scrolls
 b - a scroll of noise {unknown}
 h - a scroll of fear {unknown}
 i - a scroll of teleportation {unknown}
 l - 2 scrolls of identify {unknown}
 o - a scroll of vulnerability {unknown}
 s - a scroll of blinking {unknown}
Potions
 g - a potion of heal wounds {unknown}
 m - 2 potions of resistance {unknown}
Comestibles
 e - 2 bread rations
 r - a meat ration


   Skills:
 - Level 2.1 Fighting
 * Level 4.6 Maces & Flails
 - Level 1.7 Throwing
 - Level 2.4 Dodging


You had 2 spell levels left.
You didn't know any spells.

Dungeon Overview and Level Annotations

Branches:
Dungeon (5/15)
 Temple: D:4-7

Altars:
Okawaru


Innate Abilities, Weirdness & Mutations

You are resistant to torment.
Your stone body is resilient (AC +3).
You are immune to poison.
You resist negative energy.
You are resistant to electric shocks.
You can survive without breathing.
You are immune to petrification.
You are immune to rotting.


Message History

You sock the orc!
You kill the orc!
Okawaru accepts your kill.
The orc wizard hits you but does no damage.
The orc wizard hits you with a dagger.
The orc wizard gestures wildly while chanting.
The orc wizard blinks!
Things that are here:
a whip; an orc corpse You closely miss the orc wizard.
The orc wizard hits you but does no damage.
The orc wizard casts a spell.
The orc wizard blinks!
The orc wizard casts a spell at you. The magic dart hits you!
The orc wizard casts a spell at you.
You feel as though you will be slow longer.
The orc wizard gestures at you while chanting.
The magic dart hits you!
You die...

#########.#
#.......#.#
#.......#.#
#.......#.#.#
#...o.......#
#.......#.###
#####.###.#
#######.###.#
#......@.##..
#.....)).##..
#........##...
#.............
#####......(.
#.......##
#.......#
#.###.### #.
.#


You could see an orc wizard.

Vanquished Creatures
  3 adders
  5 orcs
  A giant cockroach (D:2)
  3 goblins
  5 hobgoblins
  2 bats (D:2)
  A giant newt (D:3)
  A rat (D:2)
21 creatures vanquished.

Notes
Turn   | Place    | Note
--------------------------------------------------------------
     0 | D:1      | Goblin1989 the Gargoyle Gladiator began the quest for the Orb.
     0 | D:1      | Reached XP level 1. HP: 12/12 MP: 1/1
   224 | D:2      | Reached XP level 2. HP: 17/17 MP: 2/2
   238 | D:2      | Found an iron altar of Okawaru.
   342 | D:2      | Became a worshipper of Warmaster Okawaru
   542 | D:3      | Reached skill level 4 in Maces & Flails
   573 | D:3      | Reached XP level 3. HP: 17/21 MP: 3/3
   649 | D:5      | Entered Level 5 of the Dungeon
   856 | D:4      | Killed from afar by an orc wizard

Action                   || total
-------------------------++-------
Melee: Flail             ||    73
 Fire: Hunting sling     ||     2
 Stab: Distracted        ||     1
